AoeStats
← 江 小田

Arabia

510295671Analyzed
2v2 RM · 1d ago on Sep 30, 2026· 45m 41s· 4 players
Game mode
Random Map
Map size
Medium (4 player)
Population
200
Speed
Normal
Resources
Standard
Victory
Conquest
Starting age
Dark Age
Ending age
Imperial Age
RankedLock teamsTeams togetherTeam positionsShared explorationLock speedFull tech treeHidden civsTurbo modeCheats
Victory
Defeat
🇹🇼 Huns · Taiwan
1048
+13
🇨🇳 Persians · China
955
+17
🇹🇼 Sicilians · Taiwan
970
-15
🇹🇼 Mongols · Taiwan
969
-15
lcm6666blue
10:15 Feudal Age
9:48 Loom
12:26 Wheelbarrow
11:33 Horse Collar
14:55 Double-Bit Axe
40:37 Bloodlines
42:39 Castle Age
44:54 Husbandry
呆丸郎
11:14 Feudal Age
9:30 Loom
16:28 Castle Age
16:37 Double-Bit Axe
18:07 Wheelbarrow
20:38 Fletching
23:48 Stone Mining
24:43 Padded Archer Armor
27:13 Town Watch
28:35 Bodkin Arrow
32:08 Horse Collar
38:32 Imperial Age
36:51 Murder Holes
38:50 Leather Archer Armor
北賢龍
6:32 Loom
22:13 Feudal Age
29:21 Double-Bit Axe
34:30 Wheelbarrow
36:24 Horse Collar
42:50 Castle Age
41:00 Gold Mining
41:02 Stone Mining
43:03 Pikeman
43:44 Squires
43:46 Scale Mail Armor
45:19 Hand Cart
45:15 Bow Saw
45:17 Fletching
45:14 Town Watch
46:00 Heavy Plow
江 小田
3:51 Loom
10:44 Feudal Age
18:49 Castle Age
17:48 Bloodlines
17:38 Double-Bit Axe
17:37 Horse Collar
24:09 Gold Mining
26:33 Parthian Tactics
26:55 Heavy Plow
34:58 Imperial Age
33:09 Wheelbarrow
34:35 Husbandry
33:56 Light Cavalry
35:49 Conscription
37:02 Bow Saw
36:56 Stone Mining
38:02 Cavalier
40:14 Scale Barding Armor
40:47 Citadels
41:43 Gold Shaft Mining
43:38 Hand Cart
44:30 Savar
Connection lost

Rejoining the realm…

Still unreachable

The connection could not be restored.

Session expired

The server has moved on; the page needs a fresh start.